 Dungeon Sprint DCSS version 0.27.1-34-g3ba077fa99 (webtiles) character file.

Game seed: 9715275047080793248

26310 Arum the Slayer (level 13, -4/130 HPs)
             Began as a Formicid Fighter on Jan 15, 2022.
             Was a High Priest of Okawaru.
             Slain by an ettin (10 damage)
             ... in the Dungeon (Sprint IX: "|||||||||||||||||||||||||||||").
             The game lasted 00:08:04 (2888 turns).

Arum the Slayer (Formicid Fighter)                  Turns: 2888, Time: 00:08:05

Health: -4/130     AC: 25    Str: 23    XL:     13   Next: 57%
Magic:  11/19      EV:  9    Int:  7    God:    Okawaru [*****.]
Gold:   460        SH: 13    Dex:  6    Spells: 12/12 levels left

rFire    + + +     SeeInvis +   o - +8 quarterstaff (speed)
rCold    + + +     Faith    .   c - +0 kite shield
rNeg     . . .     Spirit   .   a - +1 plate armour of Trumpets {rF+++ rC+++ Str-4 Dex-4}
rPois    .         Reflect  .   (helmet unavailable)
rElec    .         Harm     .   z - scarf {repulsion}
rCorr    .         Rampage  .   w - +0 pair of gloves
Will     +....                  m - +0 pair of boots
Stlth    ..........             (no amulet)
HPRegen  0.31/turn              j - +2 ring of protection
MPRegen  0.16/turn              (no ring)

@: heroic, finesse-ful, corroded, repel missiles
A: permanent stasis, dig shafts and tunnels, antennae 3, four strong arms
a: Dig, Renounce Religion, Heroism, Finesse


You were in the Dungeon.
You worshipped Okawaru.
Okawaru was extremely pleased with you.
You visited 1 branch You collected 1408 gold pieces.
You spent 948 gold pieces at shops.

Inventory:

Hand Weapons
 o - a +8 quarterstaff of speed (weapon)
 x - the +4 quarterstaff of an ice cave {holy, Drain rC+++ Int-2 Dex+9}
   (Okawaru gifted it to you in the Dungeon)

   It has been blessed by the Shining One to cause great damage to the undead
   and demons.
   Int:       It affects your intelligence (-2).
   Dex:       It affects your dexterity (+9).
   rC:        It renders you almost immune to cold.
   Drain:     It drains your maximum health when unequipped.
 G - a +1 lajatang
 I - a +1 lajatang of electrocution
Missiles
 b - 3 javelins
 y - 6 silver javelins
 C - a throwing net
Armour
 a - the +1 plate armour of Trumpets (worn) {rF+++ rC+++ Str-4 Dex-4}
   (You found it in the Dungeon)

   Str:       It affects your strength (-4).
   Dex:       It affects your dexterity (-4).
   rF:        It renders you almost immune to fire.
   rC:        It renders you almost immune to cold.
 c - a +0 kite shield (worn)
 m - a +0 pair of boots (worn)
 s - a +0 cloak of poison resistance
 t - a +1 pair of gloves of dexterity
 w - a +0 pair of gloves (worn)
 z - a scarf of repulsion (worn)
 B - the +0 plate armour "Xoecawim" {rN+ Will+}
   (You bought it in a shop in the Dungeon)

   rN:        It protects you from negative energy.
   Will:      It increases your willpower.
Jewellery
 j - a +2 ring of protection (left hand)
 k - a +3 ring of intelligence
 D - a ring of willpower
 E - a ring of ice
 F - a ring of poison resistance
 H - a ring of poison resistance
Wands
 i - a wand of acid (5)
Scrolls
 h - 2 scrolls of amnesia
 l - 3 scrolls of fear
 u - 3 scrolls of fog
 v - 2 scrolls of enchant armour
Potions
 d - a potion of invisibility
 e - 11 potions of curing
 f - 6 potions of heal wounds
 g - 4 potions of magic
 n - a potion of lignification
 p - a potion of might
 q - a potion of brilliance
 r - a potion of mutation
 A - a potion of cancellation


   Skills:
 + Level 21.2(26.2) Fighting
 - Level 15.0(20.0) Staves
 + Level 21.1(26.1) Armour
 - Level 9.0(14.0) Shields
 - Level 8.0 Invocations


You had 12 spell levels left.
You didn't know any spells.
Your spell library was empty.

Dungeon Overview and Level Annotations

Branches:
Dungeon (1/1)

Altars:
Cheibriados
Dithmenos
Elyvilon
Fedhas
Gozag
Hepliaklqana
Kikubaaqudgha
Makhleb
Nemelex Xobeh
Okawaru
Qazlal
Ru
Sif Muna
Trog
Uskayaw
Vehumet
Wu Jian
Xom
Yredelemnul
Zin
The Shining One
Beogh
Jiyva
Lugonu

Shops:
D [!((


Innate Abilities, Weirdness & Mutations

You cannot be hasted, slowed, berserked, paralysed or teleported.
You can dig through walls and to a lower floor.
You have a pair of large antennae on your head. (SInv)
Your four strong arms can wield two-handed weapons with a shield.


Message History

The brown very ugly thing is moderately wounded.
You bludgeon the brown very ugly thing!!
The brown very ugly thing is heavily wounded.
The brown very ugly thing misses you.
Unknown command.
You can now deal lightning-fast blows.
The brown very ugly thing pecks you but does no damage.
You bludgeon the brown very ugly thing!!
The brown very ugly thing is severely wounded.
You thump the brown very ugly thing!
The brown very ugly thing is almost dead.
You hit the brown very ugly thing.
The brown very ugly thing is almost dead.
You hit the brown very ugly thing but do no damage.
The brown very ugly thing is almost dead.
The brown very ugly thing pecks you! The acid corrodes you!
You are splashed with acid!
Unknown command.
You hit the brown very ugly thing.
You kill the brown very ugly thing!
Okawaru is honoured by your kill.
Your base Armour skill increases to level 21!
An ettin comes into view.
It is wielding a +1 dire flail of holy wrath and a +0 dire flail.
The ettin shouts in stereo!
The hell knight hits you from afar with a +0 vorpal glaive.
* * * LOW HITPOINT WARNING * * *
The ettin hits you with a +0 dire flail.
* * * LOW HITPOINT WARNING * * *
The ettin closely misses you.
You see here a very ugly thing corpse.
You hit the ettin.
The ettin is lightly wounded.
The hell knight mumbles some strange words.
The hell knight blinks!
You sock the ettin!
The ettin is lightly wounded.
The ettin hits you with a +0 dire flail!!
* * * LOW HITPOINT WARNING * * *
The ettin hits you with a +0 dire flail!
You die... {{{{{{{{{ {{{{{{{{{

{{{ ▓▓▓▓▓▓▓▓▓▓▓▓▓▓▓▓▓▓▓▓▓▓▓▓
{{.C...§C@p)..))......!!..
▓▓▓▓▓▓▓▓▓▓▓▓▓▓▓▓▓▓▓▓▓▓▓▓▓▓▓▓▓▓▓▓▓
...............).................
▓▓▓▓▓▓▓▓▓▓▓▓▓▓▓▓▓▓▓▓▓▓▓▓▓▓▓▓▓▓▓▓▓
......'...[)∩)∩.∩)∩))))))..))))))
▓▓▓▓▓▓▓▓▓▓▓▓▓▓▓▓▓▓▓▓▓▓▓▓▓▓▓▓▓▓▓▓▓
...).............................
▓▓▓▓▓▓▓▓▓▓▓▓▓▓▓▓▓▓▓▓▓▓▓▓▓▓▓▓▓▓▓▓▓
.'..[.[[..').?(....††..†.......††


You could see 2 ettins and a hell knight (fast).

Vanquished Creatures
  Gastronok (D)
  A very ugly thing (D)
  A stone giant (D)
  An ettin (D)
  2 hydras (D)
  Harold (D)
  9 ogre magi (D)
  A boulder beetle (D)
  A centaur warrior (D)
  2 two-headed ogres (D)
  Urug (D)
  An orc high priest (D)
  Sonja (D)
  2 orc knights (D)
  2 ugly things (D)
  A manticore (D)
  An elephant (D)
  A black mamba (D)
  5 cane toads (D)
  Psyche (D)
  A rime drake (D)
  A tengu conjurer (D)
  A meliai (D)
  3 blink frogs (D)
  4 tyrant leeches (D)
  A vampire (D)
  A yak (D)
  A wraith (D)
  A wyvern (D)
  A vampire mosquito (D)
  5 water moccasins (D)
  7 orc warriors (D)
  2 black bears (D)
  5 ogres (D)
  A wolf (D)
  2 bullfrogs (D)
  A scorpion (D)
  A gnoll sergeant (D)
  A killer bee (D)
  A wight (D)
  A howler monkey (D)
  5 orc priests (D)
  A hound (D)
  5 orc wizards (D)
  6 orcs (D)
  A ball python (D)
  3 bats (D)
  2 bat skeletons (D)
  A rat (D)
102 creatures vanquished.

Notes
Turn   | Place    | Note
-------+----------+-------------------------------------------
     0 | D        | Arum the Formicid Fighter began the quest for the Orb.
     0 | D        | Reached XP level 1. HP: 18/18 MP: 1/1
    21 | D        | Noticed a hound
    21 | D        | Noticed a scorpion
    21 | D        | Noticed a black bear
    25 | D        | Killed a black bear
    26 | D        | Reached skill level 5 in Fighting
    26 | D        | Reached skill level 5 in Armour
    26 | D        | Reached XP level 2. HP: 18/28 MP: 2/2
    26 | D        | Reached XP level 3. HP: 22/34 MP: 3/3
    26 | D        | Reached XP level 4. HP: 26/40 MP: 4/4
    29 | D        | Killed a scorpion
    30 | D        | Reached skill level 5 in Staves
    30 | D        | Reached XP level 5. HP: 24/47 MP: 5/5
    40 | D        | Found a snail-covered altar of Cheibriados.
    40 | D        | Found a shadowy altar of Dithmenos.
    40 | D        | Found a white marble altar of Elyvilon.
    40 | D        | Found a blossoming altar of Fedhas.
    40 | D        | Found an opulent altar of Gozag.
    41 | D        | Found a hazy altar of Hepliaklqana.
    42 | D        | Found a viscous altar of Jiyva.
    43 | D        | Found an ancient bone altar of Kikubaaqudgha.
    44 | D        | Found a corrupted altar of Lugonu.
    45 | D        | Found a burning altar of Makhleb.
    46 | D        | Found a sparkling altar of Nemelex Xobeh.
    47 | D        | Found an iron altar of Okawaru.
    48 | D        | Found a stormy altar of Qazlal.
    49 | D        | Found a sacrificial altar of Ru.
    50 | D        | Found a shimmering blue altar of Sif Muna.
    51 | D        | Found a bloodstained altar of Trog.
    52 | D        | Found a hide-covered altar of Uskayaw.
    53 | D        | Found a radiant altar of Vehumet.
    54 | D        | Found an ornate altar of the Wu Jian Council.
    55 | D        | Became a worshipper of Warmaster Okawaru
   242 | D        | Found a shimmering altar of Xom.
   243 | D        | Found a basalt altar of Yredelemnul.
   244 | D        | Found a glowing silver altar of Zin.
   245 | D        | Found a glowing golden altar of the Shining One.
   308 | D        | Noticed a two-headed ogre
   308 | D        | Noticed a vampire
   308 | D        | Noticed a yak
   313 | D        | Reached XP level 6. HP: 43/55 MP: 6/6
   314 | D        | Killed a yak
   315 | D        | Reached XP level 7. HP: 40/62 MP: 7/7
   315 | D        | Killed a vampire
   315 | D        | Reached * piety under Okawaru
   320 | D        | Killed a two-headed ogre
   320 | D        | Reached ** piety under Okawaru
   321 | D        | Reached skill level 10 in Armour
   321 | D        | Reached XP level 8. HP: 49/75 MP: 8/8
   324 | D        | Reached skill level 10 in Staves
   447 | D        | Noticed a centaur warrior
   447 | D        | Noticed a wraith
   447 | D        | Noticed a white ugly thing
   447 | D        | Noticed a manticore
   455 | D        | Killed a manticore
   455 | D        | Reached *** piety under Okawaru
   456 | D        | Reached XP level 9. HP: 67/82 MP: 6/11
   463 | D        | Killed a white ugly thing
   464 | D        | Reached skill level 5 in Invocations
   468 | D        | Reached **** piety under Okawaru
   486 | D        | Killed a centaur warrior
   486 | D        | Received a gift from Okawaru
   487 | D        | Reached XP level 10. HP: 18/91 MP: 6/15
   874 | D        | Got the +1 ring mail of the Curious Dances {Fly rF++ Will+
                  | Dex-4}
   901 | D        | Noticed a black mamba
   901 | D        | Noticed a cane toad
   907 | D        | Killed a cane toad
   910 | D        | Killed a black mamba
   910 | D        | Reached ***** piety under Okawaru
   910 | D        | Received a gift from Okawaru
  1061 | D        | Noticed a rime drake
  1061 | D        | Noticed a cane toad
  1061 | D        | Noticed a cane toad
  1067 | D        | Noticed a cane toad
  1068 | D        | Killed a cane toad
  1070 | D        | Noticed an elephant
  1075 | D        | Killed a cane toad
  1075 | D        | Identified the +9 hunting sling of Symmetry {flame, Str+3}
                  | (Okawaru gifted it to you in the Dungeon)
  1075 | D        | Received a gift from Okawaru
  1085 | D        | Killed a rime drake
  1090 | D        | Killed a cane toad
  1091 | D        | Reached XP level 11. HP: 71/101 MP: 17/17
  1102 | D        | Killed an elephant
  1280 | D        | Reached skill level 15 in Fighting
  1286 | D        | Reached skill level 15 in Armour
  1346 | D        | Noticed Gastronok
  1378 | D        | Killed Gastronok
  1378 | D        | Identified the +4 quarterstaff of an ice cave {holy, Drain
                  | rC+++ Int-2 Dex+9} (Okawaru gifted it to you in the
                  | Dungeon)
  1378 | D        | Received a gift from Okawaru
  1409 | D        | Noticed Urug
  1423 | D        | Killed Urug
  1663 | D        | Noticed an orc knight
  1679 | D        | Killed an orc knight
  1680 | D        | Reached skill level 15 in Staves
  1829 | D        | Noticed an orc knight
  1830 | D        | Noticed an orc high priest
  1853 | D        | Killed an orc knight
  1854 | D        | Reached XP level 12. HP: 97/113 MP: 11/18
  1862 | D        | Received a gift from Okawaru
  1872 | D        | Killed an orc high priest
  2091 | D        | Found Kussorig's Weapon Boutique.
  2091 | D        | Noticed a two-headed ogre
  2091 | D        | Noticed an ogre mage
  2091 | D        | Noticed an ogre mage
  2092 | D        | Noticed an ogre mage
  2095 | D        | Killed an ogre mage
  2096 | D        | Noticed an ogre mage
  2100 | D        | Found Cargh's Weapon Shop.
  2103 | D        | Noticed an ogre mage
  2105 | D        | Killed an ogre mage
  2114 | D        | Killed a two-headed ogre
  2115 | D        | Found Evov's Distillery.
  2118 | D        | Killed an ogre mage
  2125 | D        | Found Koajutt's Antique Armour Shop.
  2134 | D        | Killed an ogre mage
  2139 | D        | Killed an ogre mage
  2140 | D        | Noticed an ogre mage
  2142 | D        | Noticed an ogre mage
  2152 | D        | Killed an ogre mage
  2159 | D        | Killed an ogre mage
  2365 | D        | Bought a potion of curing for 30 gold pieces
  2365 | D        | Bought a potion of lignification for 30 gold pieces
  2365 | D        | Bought a potion of curing for 30 gold pieces
  2365 | D        | Bought a potion of heal wounds for 50 gold pieces
  2365 | D        | Bought a potion of cancellation for 80 gold pieces
  2367 | D        | Bought a faintly glowing plate armour for 728 gold pieces
  2367 | D        | Identified the +0 plate armour "Xoecawim" {rN+ Will+} (You
                  | bought it in a shop in the Dungeon)
  2408 | D        | Noticed Psyche
  2414 | D        | Killed Psyche
  2432 | D        | Noticed Sonja
  2455 | D        | Killed Sonja
  2665 | D        | Noticed Harold
  2676 | D        | Killed Harold
  2676 | D        | Received a gift from Okawaru
  2677 | D        | Reached XP level 13. HP: 116/127 MP: 19/19
  2767 | D        | Found the +5 robe of Misfortune {Contam Harm *Corrode Drain
                  | *Slow EV+5}
  2769 | D        | Got the +1 plate armour of Trumpets {rF+++ rC+++ Str-4
                  | Dex-4}
  2806 | D        | Noticed a five-headed hydra
  2806 | D        | Noticed an ogre mage
  2806 | D        | Noticed a boulder beetle
  2811 | D        | Killed a boulder beetle
  2816 | D        | Killed an ogre mage
  2817 | D        | Noticed an ogre mage
  2825 | D        | Noticed a seven-headed hydra
  2826 | D        | Noticed a stone giant
  2830 | D        | Noticed an ettin
  2839 | D        | Killed a five-headed hydra
  2845 | D        | Killed an ogre mage
  2849 | D        | Killed a seven-headed hydra
  2850 | D        | Noticed a brown very ugly thing
  2861 | D        | Noticed an ettin
  2866 | D        | Killed a stone giant
  2872 | D        | Killed an ettin
  2885 | D        | Killed a brown very ugly thing
  2886 | D        | Noticed an ettin
  2888 | D        | HP: 6/130 [ettin (31)]
  2888 | D        | Slain by an ettin

Illustrated notes

Levels and vault maps discovered:
D:        linesprint [early_d, line_temple, items_1, d_10, items_2, lair_1,
          lair_end, items_3, orc_1, orc_end, items_4, d_15, swamp_1, shoals_1,
          snake_1, spider_1, d_20, vaults_1, items_5, swamp_end, shoals_end,
          snake_end, spider_end, vaults_end, d_27, items_6, zot_1, zot_end,
          crypt_end, forest_end, elf_end, slime_end, tomb_end, abyss_end,
          pan_hell_end]

Skill      XL: |  1  2  3  4  5  6  7  8  9 10 11 12 13 |
---------------+----------------------------------------+-----
Shields        | 6 7 9 |  9.0
Fighting       | 5 6 7 8 11 12 14 16 19 21 | 21.2
Staves         | 4 5 6 7 9 10 11 13 15 | 15.0
Armour         | 5 6 7 8 10 11 12 14 16 19 21 | 21.1
Invocations    | 3 7 8 |  8.0

Action                   |  1- 3 |  4- 6 |  7- 9 | 10-12 | 13-15 || total
-------------------------+-------+-------+-------+-------+-------++-------
Melee: Quarterstaff      |    14 |    11 |    43 |   295 |    74 ||   437
Invok: Heroism           |       |       |     2 |    10 |     1 ||    13
       Finesse           |       |       |       |     6 |     2 ||     8
Evoke: Wand              |       |     3 |     2 |       |       ||     5
  Use: Potion            |     1 |       |       |       |       ||     1
       Scroll            |       |       |       |     4 |       ||     4
Armor: Scale mail        |     6 |     5 |    11 |       |       ||    22
       Ring mail         |       |       |       |    12 |       ||    12
       Plate armour      |       |       |       |     8 |    12 ||    20
Dodge: Dodged            |     6 |     3 |    11 |    30 |     7 ||    57
       Repelled          |       |       |       |     1 |       ||     1
Block: Kite shield       |    14 |     7 |    12 |    59 |     8 ||   100
